[ AOE2 MATCH · #505198075 ]
UnrankedMagyars vs Byzantines
Player's team · WIN
Rival team · LOSS
[ REPLAY ANALYSIS · EXTRACTED FROM THE RECORDED GAME ]
Feudal
8:56
Castle
22:55
Imperial
—
| APM avg | 94.8 |
| APM peak | 160 |
| eAPM avg | 45.6 |
| Villagers / military | 64 / 43 |
Focus
⚔️ 43.8% · 🌾 56.2%
Cavalry Archer ×11 · Skirmisher ×10 · Scout Cavalry ×9 · Spearman ×8 · Knight ×3 · Monk ×2
Feudal
8:50
Castle
20:18
Imperial
—
| APM avg | 87.8 |
| APM peak | 148 |
| eAPM avg | 44.9 |
| Villagers / military | 48 / 54 |
Focus
⚔️ 51.1% · 🌾 48.9%
Camel Scout ×26 · Skirmisher ×11 · Scorpion ×6 · Knight ×4 · Spearman ×4 · Monk ×2
Match map
Initial resources + every placement click. Lines = walls · curves = elevation contours. ◆ gold · ⬟ stone · ● berries · ✦ relic · ◌ wall gap
Your base· Open — 5t gap
SonyToprano's base· Open — unwalled flank
Smoothed initial terrain · ◌ = detected wall gap · hover for details
Inputs per minute
— SalzZ_classicpro - - SonyToprano
Build order — SalzZ_classicpro
First 150 of 205 actions detected
| 0:00 | Create | Villager (Male) |
| 0:00 | Create | Villager (Male) |
| 0:01 | Build | House |
| 0:02 | Build | House |
| 0:10 | Create | Villager (Male) |
| 0:21 | Create | Villager (Male) |
| 0:21 | Create | Villager (Male) |
| 1:24 | Create | Villager (Male) |
| 1:58 | Create | Villager (Male) |
| 1:58 | Create | Villager (Male) |
| 2:14 | Create | Villager (Male) |
| 2:14 | Create | Villager (Male) |
| 2:26 | Build | Lumber Camp |
| 2:44 | Create | Villager (Male) |
| 3:02 | Create | Villager (Male) |
| 3:02 | Create | Villager (Male) |
| 3:34 | Create | Villager (Male) |
| 3:34 | Create | Villager (Male) |
| 3:48 | Build | House |
| 3:49 | Create | Villager (Male) |
| 3:50 | Create | Villager (Male) |
| 4:10 | Build | House |
| 4:26 | Create | Villager (Male) |
| 4:41 | Build | Mill |
| 4:45 | Create | Villager (Male) |
| 4:45 | Create | Villager (Male) |
| 5:04 | Create | Villager (Male) |
| 5:30 | Create | Villager (Male) |
| 5:57 | Create | Villager (Male) |
| 6:46 | Research | Feudal Age |
| 6:48 | Research | Loom |
| 7:20 | Build | Lumber Camp |
| 7:36 | Create | Villager (Male) |
| 7:54 | Build | Barracks |
| 8:33 | Build | Palisade Wall |
| 8:52 | Build | Palisade Wall |
| 8:53 | Build | Palisade Wall |
| 8:56 | Age | Feudal Age |
| 9:02 | Build | Palisade Wall |
| 9:03 | Build | Archery Range |
| 9:18 | Create | Villager (Male) |
| 9:20 | Create | Spearman |
| 9:20 | Create | Spearman |
| 9:25 | Build | Watch Tower |
| 9:31 | Build | House |
| 9:33 | Build | Palisade Wall |
| 9:46 | Build | House |
| 9:48 | Create | Villager (Male) |
| 9:57 | Create | Skirmisher |
| 9:57 | Create | Skirmisher |
| 10:23 | Create | Villager (Male) |
| 10:23 | Create | Villager (Male) |
| 10:30 | Create | Skirmisher |
| 10:33 | Build | House |
| 10:36 | Build | House |
| 10:38 | Build | Palisade Wall |
| 10:40 | Build | Palisade Wall |
| 10:48 | Research | Double-Bit Axe |
| 10:48 | Research | Double-Bit Axe |
| 10:49 | Create | Skirmisher |
| 10:56 | Create | Villager (Male) |
| 11:04 | Build | Stone Wall |
| 11:16 | Build | Palisade Wall |
| 11:16 | Build | Palisade Wall |
| 11:17 | Build | Palisade Wall |
| 11:21 | Build | Farm |
| 11:28 | Create | Villager (Male) |
| 12:01 | Build | Farm |
| 12:02 | Build | Farm |
| 12:02 | Build | Farm |
| 12:03 | Build | Farm |
| 12:08 | Create | Villager (Male) |
| 12:24 | Create | Villager (Male) |
| 12:29 | Build | Farm |
| 12:35 | Build | Farm |
| 12:38 | Build | Farm |
| 12:43 | Create | Skirmisher |
| 12:44 | Create | Skirmisher |
| 12:51 | Build | House |
| 12:55 | Create | Villager (Male) |
| 13:05 | Create | Skirmisher |
| 13:09 | Create | Villager (Male) |
| 13:24 | Create | Villager (Male) |
| 13:35 | Build | House |
| 13:42 | Build | Stable |
| 13:51 | Build | Farm |
| 13:52 | Build | Farm |
| 13:57 | Create | Villager (Male) |
| 14:11 | Build | House |
| 14:13 | Build | Palisade Wall |
| 14:16 | Build | Farm |
| 14:18 | Build | Farm |
| 14:25 | Create | Skirmisher |
| 14:27 | Create | Scout Cavalry |
| 14:28 | Create | Scout Cavalry |
| 14:35 | Create | Skirmisher |
| 14:46 | Build | Farm |
| 14:47 | Create | Villager (Male) |
| 14:49 | Build | Farm |
| 14:54 | Create | Skirmisher |
| 15:07 | Build | Farm |
| 15:07 | Create | Villager (Male) |
| 15:16 | Build | House |
| 15:25 | Create | Villager (Male) |
| 15:30 | Build | Farm |
| 15:33 | Build | Farm |
| 15:34 | Create | Scout Cavalry |
| 15:41 | Build | House |
| 15:46 | Create | Villager (Male) |
| 15:52 | Build | Farm |
| 15:55 | Create | Scout Cavalry |
| 16:05 | Build | Farm |
| 16:05 | Create | Villager (Male) |
| 16:18 | Create | Scout Cavalry |
| 16:18 | Create | Scout Cavalry |
| 16:22 | Build | Mill |
| 16:25 | Build | House |
| 16:42 | Create | Villager (Male) |
| 17:11 | Build | House |
| 17:14 | Build | Farm |
| 17:15 | Build | Farm |
| 17:15 | Build | Farm |
| 17:15 | Build | Farm |
| 17:15 | Build | Farm |
| 17:20 | Create | Villager (Male) |
| 17:20 | Create | Villager (Male) |
| 17:23 | Create | Scout Cavalry |
| 17:23 | Create | Scout Cavalry |
| 17:34 | Research | Horse Collar |
| 17:39 | Build | Farm |
| 17:39 | Build | Farm |
| 17:40 | Create | Villager (Male) |
| 17:45 | Build | House |
| 18:04 | Create | Villager (Male) |
| 18:15 | Create | Villager (Male) |
| 18:20 | Create | Scout Cavalry |
| 18:24 | Build | Market |
| 18:28 | Build | Palisade Wall |
| 18:28 | Build | Palisade Wall |
| 18:49 | Build | Mining Camp |
| 18:49 | Create | Villager (Male) |
| 19:01 | Build | House |
| 19:03 | Build | Palisade Wall |
| 19:19 | Create | Villager (Male) |
| 19:34 | Create | Villager (Male) |
| 20:04 | Research | Castle Age |
| 20:30 | Build | Farm |
| 20:35 | Build | House |
| 20:45 | Build | Archery Range |
| 20:47 | Research | Bloodlines |
Build order — SonyToprano
First 150 of 174 actions detected
| 0:00 | Create | Villager (Male) |
| 0:00 | Create | Villager (Male) |
| 0:01 | Build | House |
| 0:02 | Build | House |
| 0:04 | Create | Villager (Male) |
| 0:04 | Create | Villager (Male) |
| 1:23 | Create | Villager (Male) |
| 1:57 | Create | Villager (Male) |
| 2:08 | Create | Villager (Male) |
| 2:08 | Create | Villager (Male) |
| 2:17 | Build | Lumber Camp |
| 2:50 | Create | Villager (Male) |
| 2:50 | Create | Villager (Male) |
| 3:02 | Build | House |
| 3:18 | Create | Villager (Male) |
| 4:03 | Create | Villager (Male) |
| 4:03 | Create | Villager (Male) |
| 4:09 | Create | Villager (Male) |
| 4:45 | Create | Villager (Male) |
| 4:49 | Create | Villager (Male) |
| 5:12 | Build | Mill |
| 5:52 | Research | Loom |
| 6:28 | Research | Feudal Age |
| 7:23 | Build | House |
| 7:28 | Create | Villager (Male) |
| 7:35 | Build | Barracks |
| 8:50 | Age | Feudal Age |
| 8:55 | Build | Archery Range |
| 8:57 | Create | Spearman |
| 9:04 | Create | Villager (Male) |
| 9:13 | Create | Villager (Male) |
| 9:21 | Build | House |
| 9:22 | Build | Palisade Wall |
| 9:24 | Create | Skirmisher |
| 9:29 | Create | Skirmisher |
| 9:42 | Create | Villager (Male) |
| 9:44 | Build | House |
| 9:50 | Build | Watch Tower |
| 9:53 | Create | Villager (Male) |
| 9:56 | Build | House |
| 10:01 | Build | Palisade Wall |
| 10:16 | Create | Skirmisher |
| 10:21 | Create | Villager (Male) |
| 10:33 | Create | Villager (Male) |
| 10:44 | Build | House |
| 10:47 | Create | Villager (Male) |
| 10:57 | Create | Villager (Male) |
| 10:58 | Create | Skirmisher |
| 11:08 | Create | Villager (Male) |
| 11:20 | Build | Lumber Camp |
| 11:23 | Create | Skirmisher |
| 11:27 | Create | Villager (Male) |
| 11:41 | Create | Villager (Male) |
| 11:42 | Create | Skirmisher |
| 11:43 | Create | Villager (Male) |
| 11:48 | Research | Double-Bit Axe |
| 12:01 | Create | Skirmisher |
| 12:07 | Create | Villager (Male) |
| 12:08 | Create | Villager (Male) |
| 12:23 | Create | Skirmisher |
| 12:24 | Create | Villager (Male) |
| 12:26 | Build | Farm |
| 12:27 | Build | Farm |
| 12:29 | Build | Farm |
| 12:41 | Build | Farm |
| 12:44 | Build | House |
| 12:53 | Create | Skirmisher |
| 13:08 | Create | Skirmisher |
| 13:20 | Create | Spearman |
| 13:21 | Create | Skirmisher |
| 13:34 | Create | Villager (Male) |
| 13:36 | Build | Farm |
| 13:37 | Build | Farm |
| 13:38 | Build | Farm |
| 13:39 | Build | Farm |
| 13:45 | Build | House |
| 13:51 | Create | Villager (Male) |
| 13:56 | Build | Farm |
| 13:57 | Build | Farm |
| 14:17 | Build | Outpost |
| 14:24 | Create | Villager (Male) |
| 14:26 | Build | Mining Camp |
| 14:28 | Build | Mining Camp |
| 14:30 | Build | Farm |
| 14:37 | Create | Villager (Male) |
| 14:48 | Create | Spearman |
| 15:07 | Create | Villager (Male) |
| 15:09 | Build | Market |
| 15:38 | Create | Villager (Male) |
| 15:44 | Build | Farm |
| 15:45 | Build | Farm |
| 15:57 | Create | Villager (Male) |
| 16:01 | Build | Blacksmith |
| 16:11 | Build | House |
| 16:12 | Build | House |
| 17:17 | Build | House |
| 17:22 | Build | House |
| 17:25 | Build | Palisade Wall |
| 17:30 | Build | House |
| 17:31 | Build | House |
| 17:32 | Build | House |
| 17:38 | Build | Palisade Wall |
| 17:38 | Research | Castle Age |
| 17:52 | Create | Spearman |
| 18:09 | Research | Horse Collar |
| 18:33 | Build | Lumber Camp |
| 18:49 | Build | House |
| 18:51 | Build | Palisade Wall |
| 19:03 | Create | Villager (Male) |
| 19:13 | Build | Stable |
| 19:41 | Research | Scale Barding Armor |
| 19:42 | Research | Scale Barding Armor |
| 20:00 | Create | Scout Cavalry |
| 20:01 | Build | Stable |
| 20:18 | Age | Castle Age |
| 20:21 | Create | Knight |
| 20:23 | Create | Villager (Male) |
| 20:37 | Create | Camel Scout |
| 20:38 | Create | Villager (Male) |
| 20:48 | Create | Camel Scout |
| 20:57 | Build | Monastery |
| 20:58 | Create | Camel Scout |
| 20:59 | Create | Camel Scout |
| 20:59 | Create | Villager (Male) |
| 21:24 | Create | Knight |
| 21:26 | Build | House |
| 21:28 | Build | Palisade Wall |
| 21:33 | Create | Monk |
| 21:34 | Build | Siege Workshop |
| 21:35 | Create | Villager (Male) |
| 21:36 | Build | Farm |
| 21:43 | Create | Camel Scout |
| 21:43 | Create | Camel Scout |
| 21:54 | Build | House |
| 21:57 | Build | House |
| 21:59 | Build | Palisade Wall |
| 22:00 | Build | Palisade Wall |
| 22:01 | Build | Palisade Wall |
| 22:05 | Build | House |
| 22:06 | Build | Palisade Wall |
| 22:16 | Create | Knight |
| 22:17 | Create | Knight |
| 22:24 | Create | Villager (Male) |
| 22:25 | Create | Camel Scout |
| 22:30 | Create | Villager (Male) |
| 22:49 | Create | Camel Scout |
| 23:00 | Create | Villager (Male) |
| 23:16 | Create | Monk |
| 23:30 | Create | Villager (Male) |
| 23:31 | Create | Camel Scout |
Match timeline
| 7:35 | SonyToprano · first_building Barracks |
| 7:54 | SalzZ_classicpro · first_building Barracks |
| 8:33 | SalzZ_classicpro · wall_segment Palisade Wall x1 |
| 8:50 | SonyToprano · age_up feudal |
| 8:52 | SalzZ_classicpro · wall_segment Palisade Wall x1 |
| 8:53 | SalzZ_classicpro · wall_segment Palisade Wall x1 |
| 8:55 | SonyToprano · first_building Archery Range |
| 8:56 | SalzZ_classicpro · age_up feudal |
| 9:02 | SalzZ_classicpro · wall_segment Palisade Wall x1 |
| 9:03 | SalzZ_classicpro · first_building Archery Range |
| 9:22 | SonyToprano · wall_segment Palisade Wall x1 |
| 9:33 | SalzZ_classicpro · wall_segment Palisade Wall x4 |
| 10:01 | SonyToprano · wall_segment Palisade Wall x1 |
| 10:38 | SalzZ_classicpro · wall_segment Palisade Wall x1 |
| 10:40 | SalzZ_classicpro · wall_segment Palisade Wall x1 |
| 11:04 | SalzZ_classicpro · wall_segment Stone Wall x5 |
| 11:16 | SalzZ_classicpro · wall_segment Palisade Wall x1 |
| 11:16 | SalzZ_classicpro · wall_segment Palisade Wall x1 |
| 11:17 | SalzZ_classicpro · wall_segment Palisade Wall x1 |
| 13:42 | SalzZ_classicpro · first_building Stable |
| 14:13 | SalzZ_classicpro · wall_segment Palisade Wall x1 |
| 17:06 | SonyToprano · first_market_sell 500 wood |
| 17:07 | SonyToprano · first_market_buy 100 food |
| 17:25 | SonyToprano · wall_segment Palisade Wall x1 |
| 17:38 | SonyToprano · wall_segment Palisade Wall x1 |
| 18:28 | SalzZ_classicpro · wall_segment Palisade Wall x1 |
| 18:28 | SalzZ_classicpro · wall_segment Palisade Wall x1 |
| 18:51 | SonyToprano · wall_segment Palisade Wall x1 |
| 19:03 | SalzZ_classicpro · wall_segment Palisade Wall x12 |
| 19:13 | SonyToprano · first_building Stable |
| 20:04 | SalzZ_classicpro · first_market_sell 100 wood |
| 20:18 | SonyToprano · age_up castle |
| 20:57 | SonyToprano · first_building Monastery |
| 21:28 | SonyToprano · wall_segment Palisade Wall x1 |
| 21:32 | SalzZ_classicpro · first_market_buy 100 wood |
| 21:34 | SonyToprano · first_building Siege Workshop |
| 21:59 | SonyToprano · wall_segment Palisade Wall x1 |
| 22:00 | SonyToprano · wall_segment Palisade Wall x1 |
| 22:01 | SonyToprano · wall_segment Palisade Wall x1 |
| 22:03 | SalzZ_classicpro · wall_segment Palisade Wall x1 |
| 22:04 | SalzZ_classicpro · wall_segment Palisade Wall x1 |
| 22:05 | SalzZ_classicpro · wall_segment Palisade Wall x1 |
| 22:06 | SonyToprano · wall_segment Palisade Wall x1 |
| 22:40 | SalzZ_classicpro · wall_segment Palisade Wall x1 |
| 22:55 | SalzZ_classicpro · age_up castle |
| 23:25 | SalzZ_classicpro · first_building Monastery |
| 23:47 | SalzZ_classicpro · wall_segment Palisade Wall x1 |
| 26:37 | SalzZ_classicpro · wall_segment Palisade Wall x1 |
| 26:51 | SalzZ_classicpro · wall_segment Palisade Wall x1 |
| 26:52 | SalzZ_classicpro · wall_segment Palisade Wall x1 |
| 27:04 | SonyToprano · resign |
[ AI ANALYSIS · 1 CREDIT ]
What really happened in this match?
Wolo.gg analyzes every decision: build order, eco, micro, common mistakes by bracket. Personalized analysis on WhatsApp or Discord in 30 seconds.
Civ guide
Magyars
Perfil
Jugador #1754629